 Dungeon Crawl Stone Soup version 0.28-a0-691-gad6df49e81 (webtiles) character file.

Game seed: 1495086077117632887

219 ytrimaz the Chopper (level 6, 0/49 HPs)
             Began as a Formicid Fighter on Oct 22, 2021.
             Slain by a mummy (12 damage)
             ... in an ossuary.
             The game lasted 00:04:13 (2824 turns).

ytrimaz the Chopper (Formicid Fighter)              Turns: 2824, Time: 00:04:14

Health: 0/49       AC: 12    Str: 22    XL:     6   Next: 17%
Magic:  6/6        EV: 10    Int:  8    God:
Gold:   50         SH:  4    Dex: 10    Spells: 5/5 levels left

rFire   . . .      SeeInvis +   a - +0 war axe
rCold   + . .      Faith    .   c - +0 buckler
rNeg    . . .      Spirit   .   d - +2 ring mail {rC+}
rPois   .          Reflect  .   (helmet unavailable)
rElec   .          Harm     .   (no cloak)
rCorr   .          Rampage  .   f - +1 pair of gloves
Will    .....                   e - +1 pair of boots
Stlth   ..........              (no amulet)
HPRegen 0.16/turn               (no ring)
MPRegen 0.10/turn               (no ring)

@: no status effects
A: permanent stasis, dig shafts and tunnels, antennae 3, four strong arms
a: Dig


You were in an ossuary.
You visited 1 branch of the dungeon, and saw 4 of its levels.
You also visited: Ossuary.

You collected 50 gold pieces.

Inventory:

Hand Weapons
 a - a +0 war axe (weapon)
Missiles
 g - a throwing net
Armour
 c - a +0 buckler (worn)
 d - a +2 ring mail of cold resistance (worn)
 e - a +1 pair of boots (worn)
 f - a +1 pair of gloves (worn)
Potions
 b - 2 potions of brilliance {unknown}
 h - a potion of berserk rage
 k - a potion of flight
 l - a potion of heal wounds {unknown}


   Skills:
 + Level 4.4 Fighting
 + Level 4.6 Axes
 + Level 4.3 Armour
 - Level 3.6 Shields


You had 5 spell levels left.
You didn't know any spells.
Your spell library was empty.

Dungeon Overview and Level Annotations

Branches:
Dungeon (4/15)            Ossuary (1/1)
 Temple: D:4-7

Altars:

Shops:
D:2 (

Annotations:
D:2 1 runed translucent door, Crazy Yiuf


Innate Abilities, Weirdness & Mutations

You cannot be hasted, slowed, berserked, paralysed or teleported.
You can dig through walls and to a lower floor.
You have a pair of large antennae on your head. (SInv)
Your four strong arms can wield two-handed weapons with a shield.


Message History

You slash the adder!
You kill the adder!
You see here an adder corpse.
You open the door.
Found a sand-covered staircase.
There is an open door here.
There is a sand-covered staircase here.
The world spins around you as you enter the gateway.
You enter an ossuary!
Found a gate leading back out of this place.
There is an empty arch of ancient stone here.
Unknown command.
You barely miss the mummy. x2; You hit the mummy.
The mummy closely misses you. The mummy hits you but does no damage.
The mummy barely misses you.
Unknown command.
You hit the mummy.
The mummy is lightly damaged.
You hit the mummy. x2; The mummy completely misses you.
The mummy hits you! The mummy closely misses you.
You hit the mummy.
The mummy is moderately damaged.
You slash the mummy! x2; The mummy barely misses you.
The mummy hits you but does no damage. The mummy misses you.
Unknown command.
You completely miss the mummy.
The mummy is moderately damaged.
You hit the mummy. x2; The mummy hits you!
The mummy hits you.
Unknown command.
Unknown command.
Okay, then.
Unknown command.
You slash the mummy!
You destroy the mummy!
You hit the mummy. You barely miss the mummy. The mummy hits you!
* * * LOW HITPOINT WARNING * * *
Unknown command.
You barely miss the mummy.
The mummy is almost destroyed.
You hit the mummy. The mummy misses you. The mummy hits you!
You die...

#..^^.#
#...^.#
#.....#
#..∩..#
#.....#
#..∩..#
#.....#
#.....#
#.M@..#
#..M..#
##...##
#####


You could see 2 mummies.

Vanquished Creatures
  A wyvern zombie (D:3)
  A hound (D:4)
  A mummy (Ossuary)
  3 adders
  3 worms (D:2)
  3 dart slugs
  An orc (D:3)
  8 bats
  9 endoplasms
  2 giant cockroaches
  3 goblins
  6 hobgoblins
  8 jackals
  6 kobolds
  3 quokkas
  3 ball pythons (D:1)
  4 frilled lizards
  4 rats
69 creatures vanquished.

Notes
Turn   | Place    | Note
-------+----------+-------------------------------------------
     0 | D:1      | ytrimaz the Formicid Fighter began the quest for the Orb.
     0 | D:1      | Reached XP level 1. HP: 18/18 MP: 1/1
   226 | D:1      | Reached XP level 2. HP: 23/24 MP: 2/2
   479 | D:1      | Reached XP level 3. HP: 26/30 MP: 3/3
   554 | D:1      | Found a faded altar of an unknown god.
  1084 | D:2      | Found Ilalaobb's Antique Weapon Shoppe.
  1164 | D:2      | Reached XP level 4. HP: 37/37 MP: 4/4
  1442 | D:2      | Found a runed translucent door.
  1443 | D:2      | Noticed Crazy Yiuf
  1745 | D:3      | HP: 1/37 [wyvern zombie (8)]
  1747 | D:3      | Reached XP level 5. HP: 1/42 MP: 5/5
  2793 | D:4      | Reached XP level 6. HP: 49/49 MP: 6/6
  2810 | D:4      | Found a sand-covered staircase.
  2815 | Ossuary  | Entered an ossuary
  2824 | Ossuary  | Slain by a mummy

Illustrated notes

Levels and vault maps discovered:
D:1:      dpeg_arrival_radiant, layout_basic, chequers_ecumenical_altar_twisty
D:2:      layout_rooms, serial_shops, nicolae_shop_stone, grunt_ministairs_4,
          uniq_crazy_yiuf_cottage
D:3:      layout_loops_cross
D:4:      layout_loops_corners, minmay_temple_entry_steel_oval, enter_ossuary_5,
          minmay_fire_ice_demons
Ossuary:  ossuary_the_hunt_dpeg

Skill      XL: |  1  2  3  4 |
---------------+-------------+-----
Axes           | 4 |  4.6
Armour         | 4 |  4.3
Fighting       | 4 |  4.4
Shields        | |  3.6

Action                   |  1- 3 |  4- 6 || total
-------------------------+-------+-------++-------
Melee: War axe           |    96 |    81 ||   177
 Abil: Dig               |       |     1 ||     1
  Use: Scroll            |     3 |     5 ||     8
       Potion            |       |     3 ||     3
Armor: Scale mail        |    50 |    30 ||    80
       Ring mail         |       |    12 ||    12
Dodge: Dodged            |    58 |    38 ||    96
Block: Buckler           |    17 |    15 ||    32

Table legend: (Time is in decaauts)
 A = Elapsed time spent in this place.
 B = Non-inter-level travel time spent in this place.
 C = Inter-level travel time spent in this place.
 D = Time resting spent in this place.
 E = Time spent auto-exploring this place.
 F = Levels seen in this place.
 G = Mean time per level.
                   A        B        C        D        E       F      G
               +--------+--------+--------+--------+--------+-----+--------+
         Total |   2885 |   2752 |    133 |    381 |   1785 |   5 |  577.0 |
       Dungeon |   2875 |   2742 |    133 |    381 |   1785 |   4 |  718.8 |
       Ossuary |     10 |     10 |      0 |      0 |      0 |   1 |   10.0 |
               +--------+--------+--------+--------+--------+-----+--------+

Top non-repeatable levels by time:
     D:2: 1146 daAuts
     D:1: 976 daAuts
     D:3: 709 daAuts
     D:4: 42 daAuts
 Ossuary: 10 daAuts
